AoeStats
← Tanana

MegaRandom

509426160Analyzed
4v4 RM · 5d ago on Sep 26, 2026· 18m 13s· 8 players
Game mode
Random Map
Map size
Large (8 player)
Population
200
Speed
Normal
Resources
Standard
Victory
Conquest
Starting age
Dark Age
Ending age
Imperial Age
RankedLock teamsTeams togetherTeam positionsShared explorationLock speedFull tech treeHidden civsTurbo modeCheats
Victory
Defeat
🇩🇪 Ethiopians · Germany
1352
+15
🇩🇪 Lithuanians · Germany
1314
+16
🇩🇪 Franks · Germany
1313
+16
🇩🇪 Koreans · Germany
1312
+16
🇫🇷 Burgundians · France
1349
-16
🇬🇧 Danes · United Kingdom
1344
-17
🇨🇳 Teutons · China
1317
-16
🇫🇷 Cumans · France
1264
-14
Le Miel Jospin
3:20 Double-Bit Axe
3:29 Loom
10:01 Wheelbarrow
12:01 Feudal Age
10:39 Fishing Lines
15:47 Castle Age
14:28 Bow Saw
15:04 Scale Barding Armor
15:09 Gillnets
15:53 Cavalier
17:20 Medium Warships
Advanced Farming Research Centre
6:13 Loom
10:46 Feudal Age
14:45 Double-Bit Axe
16:00 Fletching
Elfufu
4:52 Loom
11:01 Feudal Age
11:37 Double-Bit Axe
axjhbl90
11:02 Feudal Age
12:07 Double-Bit Axe
15:02 Forging
15:20 Loom
Fürst Zono
3:23 Loom
9:17 Feudal Age
10:05 Double-Bit Axe
11:40 Fletching
14:51 Horse Collar
15:21 Horse Collar
18:12 Wheelbarrow
I still hate Goths
6:34 Loom
10:22 Feudal Age
10:56 Double-Bit Axe
11:42 Horse Collar
13:17 Forging
20:02 Castle Age
18:56 Scale Barding Armor
19:02 Bloodlines
I still love Koreans
4:00 Loom
11:02 Feudal Age
13:31 Forging
14:28 Wheelbarrow
16:59 Town Watch
Tanana
6:39 Loom
9:25 Feudal Age
9:54 Double-Bit Axe
Connection lost

Rejoining the realm…

Still unreachable

The connection could not be restored.

Session expired

The server has moved on; the page needs a fresh start.